 Dungeon Sprint DCSS version 0.30.1-11-g7821555f0a (webtiles) character file.

Game seed: 9997813127165720089

71579 Groucho the Impregnable (level 14, 0/150 HPs)
             Began as an Armataur Fighter on Jan 3, 2024.
             Was the Champion of Makhleb.
             Killed from afar by Boris (61 damage)
             ... with an iron shot
             ... in the Dungeon (Sprint IX: "|||||||||||||||||||||||||||||").
             The game lasted 00:15:47 (7340 turns).

Groucho the Impregnable (Armataur Fighter)          Turns: 7340, Time: 00:15:47

Health: 0/150      AC: 33    Str: 26    XL:     14   Next: 98%
Magic:  27/27      EV:  8    Int: 10    God:    Makhleb [******]
Gold:   544        SH: 22    Dex: 12    Spells: 13/13 levels left

rFire   . . .        m - +1 broad axe (freeze)
rCold   . . .        F - +1 tower shield
rNeg    . . .        c - +3 chain mail
rPois   .            (no helmet)
rElec   .            v - +0 cloak
rCorr   .            G - +1 pair of gloves
SInv    .            p - +0 barding
Will    +....        (no amulet) Stlth
                     b - +2 ring of protection
HPRegen 0.45/turn    r - +3 ring of dexterity
MPRegen 0.20/turn

%: no teleportation, roll
@: no status effects
A: large, rugged brown scales 3, deformed body, armoured tail, roll, long
tongue, awkward tongue
a: Renounce Religion, Minor Destruction, Lesser Servant of Makhleb, Major
Destruction, Greater Servant of Makhleb


You were in the Dungeon.
You worshipped Makhleb.
Makhleb was exalted by your worship.
You visited 1 branch You collected 1949 gold pieces.
You spent 1405 gold pieces at shops.

Inventory:

Hand Weapons
 a - a +0 flail
 m - a +1 broad axe of freezing (weapon)
 n - a +2 dire flail of protection
 E - a +3 broad axe
Armour
 c - a +3 chain mail (worn)
 p - a +0 barding (worn)
 v - a +0 cloak (worn)
 F - a +1 tower shield (worn)
 G - a +1 pair of gloves (worn)
Jewellery
 b - a +2 ring of protection (left hand)
 i - an amulet of guardian spirit
 r - a +3 ring of dexterity (right hand)
 A - a ring of flight
 B - a ring of ice
 C - a ring of protection from cold
 D - a ring of willpower
Wands
 l - a wand of acid (10)
Scrolls
 d - 2 scrolls of identify
 k - 2 scrolls of amnesia
 s - 3 scrolls of fear
 t - 2 scrolls of fog
 u - 5 scrolls of enchant weapon
 w - a scroll of magic mapping
 x - a scroll of immolation
Potions
 e - a potion of curing
 g - a potion of brilliance
 h - 4 potions of magic
 o - a potion of might
 q - a potion of berserk rage
 z - a potion of degeneration
Miscellaneous
 y - a box of beasts


   Skills:
 + Level 17.9 Fighting
 + Level 15.6(15.9) Axes
 - Level 5.4(12.3) Maces & Flails
 + Level 22.5 Armour
 + Level 10.1 Dodging
 + Level 20.9 Shields
 + Level 19.1 Invocations


You had 13 spell levels left.
You didn't know any spells.
Your spell library was empty.

Dungeon Overview and Level Annotations

Branches:
Dungeon (1/1)

Altars:
Cheibriados
Dithmenos
Elyvilon
Fedhas
Gozag
Hepliaklqana
Kikubaaqudgha
Makhleb
Nemelex Xobeh
Okawaru
Qazlal
Ru
Sif Muna
Trog
Uskayaw
Vehumet
Wu Jian
Xom
Yredelemnul
Zin
The Shining One
Jiyva
Lugonu

Shops:
D [*(*

Annotations:
D Boris


Innate Abilities, Weirdness & Mutations

You are completely covered in rugged brown scales. (AC +3, +7% HP)
Armour fits poorly on your strangely shaped body.
You have a long armoured tail.
You roll when moving toward enemies. (Rampage)
Your long tongue fully drains potion bottles. (2x potion effects)
Your tongue gives you trouble enunciating. (1.5x scroll delay)


Message History

You hit something. Something hits you! Something touches you.
You miss something. You tail-slap something. You slice something!!
You freeze something.
You hear some strange, mumbled words.
A bolt of cold appears from out of thin air!
The bolt of cold hits you!!
You closely miss something.
Your tail-slap misses something.
You block something's attack.
Something touches you but does no damage.
You barely miss something.
Your tail-slap misses something.
Something hits you but does no damage. Something touches you.
You closely miss something. You block something's attack.
Something touches you but does no damage.
You slash something!
Your tail-slap misses something.
You hear some strange, mumbled words.
A bolt of cold appears from out of thin air!
The bolt of cold hits you but does no damage.
You slice something!! You freeze something.
Something hits you but does no damage.
Something touches you but does no damage.
You slice something!!
Your tail-slap misses something.
Something hits you but does no damage.
Something touches you but does no damage.
You slice something!! You freeze something. Something hits you!
Something touches you but does no damage.
You closely miss something. You hit something.
Your tail-slap misses something.
Something hits you but does no damage.
Something touches you but does no damage.
You barely miss something. Something hits you but does no damage.
You block something's attack.
You barely miss something. Something hits you!
Something touches you but does no damage.
You miss something. Something hits you but does no damage.
Something touches you but does no damage.
You slash something!
You hear some strange, mumbled words.
An iron shot appears from out of thin air!
The iron shot hits you!!!
You die...

▓.▓.▓.▓.▓.▓.▓.▓.
▓.▓)▓.▓.▓.▓.▓.▓.▓.
▓.▓.▓.▓.▓.▓.▓.▓.▓.
▓.▓.▓.▓.▓.▓.▓.▓.▓.
▓.▓)▓.▓.▓.▓.▓.▓.▓.
▓.▓.▓.▓.▓.▓.▓.▓.▓.
▓.▓.▓.▓.▓.▓'▓.▓.▓[
▓{▓.▓)▓.▓.▓.▓.▓.▓.
▓@▓.▓.▓.▓.▓.▓.▓.▓.
▓.▓.▓.▓.▓.▓.▓.▓.▓.
▓.▓.▓.▓.▓.▓.▓.▓)▓.
▓.▓)▓.▓.▓.▓.▓.▓)▓.
▓.▓.▓.▓'▓.▓)▓.▓.▓.
▓.▓)▓.▓)▓.▓)▓.▓)▓.
▓.▓'▓.▓.▓.▓)▓.▓)▓.
▓.▓)▓)▓)▓.▓)▓.▓)▓.
▓.▓.▓.▓)▓.▓)▓.▓.▓.


There were no monsters in sight!

Vanquished Creatures
  3 liches (D)
  A tentacled monstrosity (D)
  Gastronok (D)
  A fire giant (D)
  A frost giant (D)
  A stone giant (D)
  A very ugly thing (D)
  An ironbound thunderhulk (D)
  An ironbound preserver (D)
  A vampire knight (D)
  A spark wasp (D)
  2 dire elephants (D)
  Josephine (D)
  2 great orbs of eyes (D)
  A fire dragon (D)
  2 yaktaur captains (D)
  2 rakshasas (D)
  3 hydras (D)
  3 ice dragons (D)
  3 ogre magi (D)
  A boulder beetle (D)
  2 centaur warriors (D)
  4 ironbound frosthearts (D)
  A deep troll earth mage (D)
  A spriggan berserker (D)
  An orc high priest (D)
  A death yak (D)
  Sonja (D)
  An iron troll (D)
  A hell knight (D)
  A sea snake (D)
  2 deep trolls (D)
  A glowing orange brain (D)
  3 ironbound convokers (D)
  An orc knight (D)
  A lindwurm (D)
  A wizard (D)
  A harpy (D)
  An ugly thing (D)
  7 elephants (D)
  A merfolk siren (D)
  A moth of wrath (D)
  2 cane toads (D)
  A komodo dragon (D)
  A guardian mummy (D)
  6 trolls (D)
  A polar bear (shapeshifter) (D)
  A wind drake (D)
  A blink frog (D)
  2 dream sheep (D)
  2 slime creatures (D)
  4 wraiths (D)
  2 wyverns (D)
  2 yaks (D)
  A basilisk (D)
  A steam dragon (D)
  An acid dragon (D)
  5 water moccasins (D)
  An ice beast (D)
  9 orc warriors (D)
  An ogre (D)
  A wolf (D)
  A bullfrog (D)
  A scorpion (D)
  A hound (D)
  2 orc priests (D)
  8 orc wizards (D)
  An adder (D)
  7 orcs (D)
  A bat (D)
  A frilled lizard (D)
  3 kobolds (D)
138 creatures vanquished.

Vanquished Creatures (collateral kills)
  Rupert (D)
  2 thorn hunters (D)
  A fenstrider witch (D)
  A fire giant (D)
  A frost giant (D)
  A stone giant (D)
  A bunyip (D)
  2 ettins (D)
  2 fire dragons (D)
  An entropy weaver (D)
  A vault guard (D)
  A hydra (D)
  A jorogumo (D)
  An ironbound frostheart (D)
  A naga warrior (D)
  2 tengu warriors (D)
  A naga sharpshooter (D)
  A sun moth (D)
  A spriggan druid (D)
  A flayed ghost (D)
  A deep troll (D)
  2 steelbarb worms (D)
  An orc knight (D)
  A will-o-the-wisp (D)
  A salamander (D)
  A moth of wrath (D)
  A naga mage (D)
  A vault sentinel (D)
  3 black mambas (D)
  A torpor snail (D)
  A freezing wraith (D)
  4 merfolk (D)
  A meliai (D)
  A tyrant leech (D)
  A tarantella (D)
  A snapping turtle (D)
  2 nagas (D)
48 creatures vanquished.

Vanquished Creatures (others)
  A catoblepas (D)
  A gargoyle (D)
  An unseen horror (D)
  A foxfire (D)
4 creatures vanquished.

Grand Total: 190 creatures vanquished

Notes
Turn   | Place    | Note
-------+----------+-------------------------------------------
     0 | D        | Groucho the Armataur Fighter began the quest for the Orb.
     0 | D        | Reached XP level 1. HP: 19/19 MP: 1/1
    13 | D        | Reached skill level 4 in Armour
    13 | D        | Reached skill level 1 in Invocations
    18 | D        | Noticed a hound
    18 | D        | Noticed a scorpion
    18 | D        | Noticed an ice beast
    18 | D        | Noticed an ogre
    34 | D        | Killed a hound
    35 | D        | Reached XP level 2. HP: 28/28 MP: 1/3
    35 | D        | Reached XP level 3. HP: 35/35 MP: 1/4
    39 | D        | Reached skill level 5 in Armour
    45 | D        | Killed a scorpion
    46 | D        | Reached skill level 6 in Armour
    46 | D        | Reached skill level 5 in Shields
    46 | D        | Reached XP level 4. HP: 43/43 MP: 1/6
    51 | D        | Killed an ice beast
    52 | D        | Reached skill level 5 in Fighting
    52 | D        | Reached skill level 7 in Armour
    52 | D        | Reached XP level 5. HP: 51/51 MP: 2/8
    55 | D        | Killed an ogre
    56 | D        | Reached skill level 5 in Maces & Flails
    56 | D        | Reached skill level 5 in Invocations
    56 | D        | Reached XP level 6. HP: 33/60 MP: 2/10
    62 | D        | Found a snail-covered altar of Cheibriados.
    62 | D        | Found a shadowy altar of Dithmenos.
    62 | D        | Found a white marble altar of Elyvilon.
    62 | D        | Found a blossoming altar of Fedhas.
    62 | D        | Found an opulent altar of Gozag.
    63 | D        | Found a hazy altar of Hepliaklqana.
    64 | D        | Found a viscous altar of Jiyva.
    65 | D        | Found an ancient bone altar of Kikubaaqudgha.
    66 | D        | Found a corrupted altar of Lugonu.
    67 | D        | Found a burning altar of Makhleb.
    68 | D        | Found a sparkling altar of Nemelex Xobeh.
    69 | D        | Found an iron altar of Okawaru.
    70 | D        | Found a stormy altar of Qazlal.
    71 | D        | Found a sacrificial altar of Ru.
    72 | D        | Found a shimmering blue altar of Sif Muna.
    73 | D        | Found a bloodstained altar of Trog.
    74 | D        | Found a hide-covered altar of Uskayaw.
    75 | D        | Became a worshipper of Makhleb the Destroyer
    76 | D        | Found a radiant altar of Vehumet.
    77 | D        | Found an ornate altar of the Wu Jian Council.
    78 | D        | Found a shimmering altar of Xom.
    79 | D        | Found a basalt altar of Yredelemnul.
    80 | D        | Found a glowing silver altar of Zin.
    81 | D        | Found a glowing golden altar of the Shining One.
   275 | D        | Noticed an acid dragon
   275 | D        | Noticed a steam dragon
   275 | D        | Noticed a troll
   275 | D        | Noticed a wyvern
   277 | D        | Killed an acid dragon
   278 | D        | Reached skill level 8 in Armour
   283 | D        | Killed a steam dragon
   283 | D        | Reached * piety under Makhleb
   284 | D        | Reached skill level 9 in Armour
   284 | D        | Reached XP level 7. HP: 41/68 MP: 10/12
   287 | D        | Killed a troll
   292 | D        | Killed a wyvern
   293 | D        | Reached skill level 10 in Armour
   293 | D        | Reached ** piety under Makhleb
   299 | D        | Noticed a basilisk
   299 | D        | Noticed a catoblepas
   299 | D        | Noticed a gargoyle
   299 | D        | Noticed a centaur warrior
   307 | D        | Killed a basilisk
   308 | D        | Reached XP level 8. HP: 65/79 MP: 13/13
   310 | D        | Killed a catoblepas
   311 | D        | Reached skill level 5 in Axes
   311 | D        | Reached skill level 11 in Armour
   311 | D        | Reached skill level 10 in Shields
   313 | D        | Killed a gargoyle
   316 | D        | Killed an unseen horror
   328 | D        | Killed a centaur warrior
   329 | D        | Reached XP level 9. HP: 47/88 MP: 14/16
   552 | D        | Noticed a death yak
   553 | D        | Reached *** piety under Makhleb
   558 | D        | Noticed a cane toad
   560 | D        | Reached skill level 12 in Armour
   573 | D        | Killed a death yak
   574 | D        | Reached skill level 10 in Invocations
   586 | D        | Reached **** piety under Makhleb
   599 | D        | Killed a cane toad
   600 | D        | Reached skill level 10 in Fighting
   603 | D        | Reached skill level 13 in Armour
   966 | D        | Noticed a cane toad
   966 | D        | Noticed an eight-headed hydra
   966 | D        | Noticed a komodo dragon
   970 | D        | Reached ***** piety under Makhleb
   971 | D        | Reached XP level 10. HP: 93/99 MP: 16/18
   972 | D        | Killed a cane toad
   975 | D        | Killed an eight-headed hydra
   976 | D        | Reached skill level 14 in Armour
  1494 | D        | Noticed an elephant
  1494 | D        | Noticed an elephant
  1494 | D        | Noticed an elephant
  1494 | D        | Noticed an elephant
  1494 | D        | Noticed an elephant
  1494 | D        | Noticed an elephant
  1497 | D        | Noticed a dire elephant
  1500 | D        | Killed an elephant
  1524 | D        | Killed a dire elephant
  1528 | D        | Killed an elephant
  1533 | D        | Killed an elephant
  1533 | D        | Reached ****** piety under Makhleb
  1536 | D        | Killed an elephant
  1537 | D        | Reached XP level 11. HP: 80/110 MP: 20/20
  1541 | D        | Reached skill level 15 in Armour
  1655 | D        | Noticed Gastronok
  1671 | D        | Killed Gastronok
  1841 | D        | Noticed an orc high priest
  1847 | D        | Reached skill level 10 in Axes
  1848 | D        | Killed an orc high priest
  1854 | D        | Noticed an orc knight
  1861 | D        | Killed an orc knight
  1862 | D        | Reached skill level 16 in Armour
  2595 | D        | Found Zas Dome's Armour Emporium.
  2595 | D        | Noticed a deep troll
  2595 | D        | Noticed a deep troll
  2595 | D        | Noticed an ogre mage
  2596 | D        | Noticed an ogre mage
  2602 | D        | Killed a deep troll
  2605 | D        | Killed a deep troll
  2606 | D        | Reached skill level 15 in Shields
  2622 | D        | Killed an ogre mage
  2642 | D        | Killed an ogre mage
  2644 | D        | Noticed an ogre mage
  2655 | D        | Reached XP level 12. HP: 71/123 MP: 22/22
  2656 | D        | Paralysed by something for 2 turns
  2662 | D        | Killed an ogre mage
  2663 | D        | Reached skill level 17 in Armour
  2663 | D        | Found Kiorch's Assorted Antiques.
  2667 | D        | Found Jaicel's Weapon Emporium.
  2671 | D        | Found Raeggux's General Store.
  2675 | D        | Noticed an ettin
  2679 | D        | Killed an ettin
  2787 | D        | Bought a triangular brass amulet for 140 gold pieces
  2791 | D        | Bought a scroll of magic mapping for 75 gold pieces
  2791 | D        | Bought a scroll of identify for 20 gold pieces
  2791 | D        | Bought a scroll of immolation for 40 gold pieces
  2791 | D        | Bought a potion of degeneration for 10 gold pieces
  2795 | D        | Bought a box of beasts for 1120 gold pieces
  2832 | D        | Noticed Sonja
  2857 | D        | Killed Sonja
  3337 | D        | Noticed Josephine
  3345 | D        | Killed Josephine
  3552 | D        | Noticed a fire dragon
  3552 | D        | Noticed a tengu warrior
  3552 | D        | Noticed a rakshasa
  3552 | D        | Noticed a centaur warrior
  3555 | D        | Noticed a lich
  3565 | D        | Killed a fire dragon
  3566 | D        | Reached skill level 1 in Dodging
  3567 | D        | Killed a tengu warrior
  3572 | D        | Killed a rakshasa
  3573 | D        | Reached skill level 18 in Armour
  3573 | D        | Reached skill level 15 in Invocations
  3574 | D        | Killed a lich
  3574 | D        | Killed a centaur warrior
  3580 | D        | Noticed a stone giant
  3580 | D        | Noticed a fire dragon
  3581 | D        | Noticed a frost giant
  3582 | D        | Noticed a stone giant
  3582 | D        | Noticed a fire giant
  3591 | D        | Killed a stone giant
  3596 | D        | Killed a fire dragon
  3600 | D        | Killed a frost giant
  3601 | D        | Reached XP level 13. HP: 133/133 MP: 24/24
  3604 | D        | Killed a stone giant
  3606 | D        | Killed a fire giant
  3667 | D        | Noticed Rupert
  3672 | D        | Killed Rupert
  3673 | D        | Reached skill level 19 in Armour
  3722 | D        | Reached skill level 15 in Fighting
  3723 | D        | Reached skill level 5 in Dodging
  3834 | D        | Reached skill level 20 in Armour
  3847 | D        | Noticed a bunyip
  3847 | D        | Noticed a thorn hunter
  3847 | D        | Noticed a fenstrider witch
  3853 | D        | Killed a bunyip
  3868 | D        | Killed a thorn hunter
  3869 | D        | Killed a fenstrider witch
  3870 | D        | Noticed a thorn hunter
  3876 | D        | Killed a thorn hunter
  3877 | D        | Reached XP level 14. HP: 138/146 MP: 26/26
  3995 | D        | Noticed a frost giant
  3995 | D        | Noticed a fire giant
  4011 | D        | Noticed a vampire knight
  4016 | D        | Killed a frost giant
  4022 | D        | Noticed a lich
  4036 | D        | Killed a fire giant
  4048 | D        | Killed a lich
  4055 | D        | HP: 4/147 [ice dragon/blast of cold (8)]
  4073 | D        | Killed a vampire knight
  4132 | D        | Reached skill level 21 in Armour
  4745 | D        | Noticed a cyan very ugly thing
  4756 | D        | Killed a cyan very ugly thing
  5469 | D        | Noticed a lich
  5480 | D        | Killed a lich
  5979 | D        | Reached skill level 15 in Axes
  5988 | D        | Noticed a tentacled monstrosity
  6003 | D        | Noticed an ironbound preserver
  6004 | D        | HP: 7/149 [constriction (6)]
  6006 | D        | Killed a tentacled monstrosity
  6087 | D        | Reached skill level 22 in Armour
  6640 | D        | Paralysed by a great orb of eyes for 4 turns
  6669 | D        | Killed an ironbound preserver
  6818 | D        | Noticed an ironbound thunderhulk
  6830 | D        | Killed an ironbound thunderhulk
  6835 | D        | Reached skill level 10 in Dodging
  7318 | D        | Noticed Boris
  7340 | D        | Killed from afar by Boris

Illustrated notes

Levels and vault maps discovered:
D:        linesprint [early_d, line_temple, items_1, d_10, items_2, lair_1,
          lair_end, items_3, orc_1, orc_end, items_4, d_15, swamp_1, shoals_1,
          snake_1, spider_1, d_20, vaults_1, items_5, swamp_end, shoals_end,
          snake_end, spider_end, vaults_end, d_27, items_6, zot_1, zot_end,
          crypt_end, forest_end, elf_end, slime_end, tomb_end, abyss_end,
          pan_hell_end]

Skill      XL: |  1  2  3  4  5  6  7  8  9 10 11 12 13 14 |
---------------+-------------------------------------------+-----
Maces & Flails | 3 4 5 |  5.4
Armour         | 4 6 7 9 10 11 13 14 16 18 20 22 | 22.5
Invocations    | 2 3 4 5 6 7 9 10 12 14 15 17 19 | 19.1
Fighting       | 3 4 5 6 7 9 10 11 13 14 16 17 | 17.9
Shields        | 4 5 6 7 8 9 10 12 13 15 17 18 20 | 20.9
Axes           | 2 4 6 7 9 10 12 14 15 | 15.6
Dodging        | 4 7 10 | 10.1

Action                     |  1- 3 |  4- 6 |  7- 9 | 10-12 | 13-15 || total
---------------------------+-------+-------+-------+-------+-------++-------
  Melee: Flail             |    35 |    10 |       |       |       ||    45
         Tailslap          |     2 |     2 |    17 |    34 |    57 ||   112
         Broad axe         |       |     8 |    83 |   235 |   300 ||   626
 Invoke: Major Destruction |       |       |     1 |    26 |    14 ||    41
         Greater Servant o |       |       |       |     3 |    15 ||    18
    Use: Potion            |     2 |     2 |     2 |     6 |     9 ||    21
         Scroll            |       |       |       |       |     4 ||     4
   Stab: Invisible         |       |     2 |     6 |       |       ||     8
         Distracted        |       |       |       |       |     1 ||     1
 Armour: Scale mail        |    22 |     2 |       |       |       ||    24
         Chain mail        |       |       |    61 |   190 |   165 ||   416
  Dodge: Dodged            |     6 |     2 |    20 |    45 |    37 ||   110
  Block: Buckler           |     9 |     3 |    27 |    86 |       ||   125
         Tower shield      |       |       |       |     7 |   251 ||   258
